 Dungeon Crawl Stone Soup version 0.28.0-1-gb440e238dd (webtiles) character file.

Game seed: 18312815534287183490

35 hitsuchi the Stinger (level 3, -2/21 HPs)
             Began as an Octopode Venom Mage on Feb 20, 2022.
             Killed by divine providence
             ... invoked by an orc priest
              (11 damage)
             ... on level 2 of the Dungeon.
             The game lasted 00:01:44 (1436 turns).

hitsuchi the Stinger (Octopode Venom Mage)          Turns: 1436, Time: 00:01:44

Health: -2/21      AC:  1    Str:  7    XL:     3   Next: 33%
Magic:  3/6        EV: 13    Int: 19    God:
Gold:   15         SH:  0    Dex: 12    Spells: 0/6 levels left

rFire   . . .      SeeInvis .   e - +2 whip (vamp)
rCold   + . .      Faith    .   (no shield)
rNeg    . . .      Spirit   .   (helmet restricted)
rPois   .          Reflect  .   (no amulet)
rElec   .          Harm     .   a - ring of protection from cold
rCorr   .          Rampage  .   g - ring of willpower
Will    +....                   (no ring)
Stlth   +++.......              (no ring)
HPRegen 0.07/turn               (no ring)
MPRegen 0.10/turn               (no ring)
                                (no ring)
                                (no ring)

@: no status effects
A: almost no armour, amphibious, 8 rings, camouflage 1, gelatinous body 1,
(nimble swimmer 1), tentacles
a: no special abilities


You were on level 2 of the Dungeon.
You visited 1 branch of the dungeon, and saw 2 of its levels.

You collected 15 gold pieces.

Inventory:

Hand Weapons
 e - a +2 vampiric whip (weapon)
Jewellery
 a - a ring of protection from cold (left tentacle)
 g - a ring of willpower (right tentacle)
Scrolls
 b - 3 scrolls of teleportation {unknown}
 d - a scroll of vulnerability {unknown}
 f - a scroll of identify {unknown}
Potions
 c - 2 potions of degeneration {unknown}
 h - a potion of ambrosia {unknown}


   Skills:
 - Level 2.0 Dodging
 - Level 2.6 Stealth
 + Level 2.3 Spellcasting
 * Level 2.3 Transmutations
 + Level 4.1 Poison Magic


You couldn't memorise any spells.
You knew the following spells:

 Your Spells              Type           Power      Damage    Failure   Level
a - Sting                 Tmut/Pois      56%        1d5       4%          1
b - Poisonous Vapours     Pois/Air       20%        N/A       11%         2
c - Mephitic Cloud        Conj/Pois/Air  7%         N/A       28%         3

Your spell library contained the following spells:

 Spells                   Type           Power      Damage    Failure   Level
 Olgreb's Toxic Radiance  Pois           17%        N/A       30%         4


Dungeon Overview and Level Annotations

Branches:
Dungeon (2/15)

Altars:

Shops:
D:1 (


Innate Abilities, Weirdness & Mutations

You cannot wear most types of armour.
You are amphibious.
You can wear up to eight rings at the same time.
Your skin changes colour to match your surroundings (Stealth+).
Your rubbery body absorbs attacks. (AC +1, EV +1)
((You are camouflaged when in or above water. (Stealth+)))
You have tentacles for arms and can constrict up to eight enemies at once.


Message History

You can't see any susceptible monsters within range! (Use Z to cast anyway.)
The orc shouts! x2; You hear a shout!
The orc priest shouts!
An orc comes into view. It is wielding a +0 hand axe.
An orc comes into view. It is wielding a +0 short sword.
Casting: Sting (safe; 4% risk of failure)
Confirm with . or Enter, or press ? or * to list all spells.
Aiming: Sting (safe; 4% risk of failure)
Press: ? - help, Shift-Dir - straight line, f - orc
Aim: an orc, wielding a +0 flail and wearing a +0 leather armour (71% to hit)
The sting hits the orc but does no damage.
The orc is poisoned.
The orc shouts!
Unknown command.
You feel a bit more experienced.
Casting: Sting (safe; 4% risk of failure)
Confirm with . or Enter, or press ? or * to list all spells.
You can't see any susceptible monsters within range! (Use Z to cast anyway.)
Aiming: Sting (safe; 4% risk of failure)
Press: ? - help, Q - select action, (/) - cycle Shift-Dir - straight line, f - you
Okay, then.
Casting: Sting (safe; 4% risk of failure)
Confirm with . or Enter, or press ? or * to list all spells.
Aiming: Poisonous Vapours (safe; 11% risk of failure)
Press: ? - help, Dir - move target, f - orc priest
Aim: an orc priest, wielding a +0 mace and wearing a +0 ring mail Poisonous vapours surround the orc priest!
The orc priest is poisoned.
Casting: Poisonous Vapours (safe; 11% risk of failure)
Confirm with . or Enter, or press ? or * to list all spells.
Aiming: Poisonous Vapours (safe; 11% risk of failure)
Press: ? - help, Dir - move target, f - orc
Aim: an orc, wielding a +0 short sword Poisonous vapours surround the orc!
The orc is poisoned.
The orc priest mumbles some strange prayers to Beogh against you.
Beogh smites you!
Ouch! That really hurt!
The orc priest invokes the aid of Beogh against you.
Beogh smites you!
Ouch! That really hurt!
You die...

#####################
#............@..o...#
##.#####...#....###o#
### #####...#....# #.#
#....#.......#....###.#
.......<#....+......#o#
#.#..........#....###o#
#.......#.##....# #.#
#.....#.#.##....# #.#
#....)....#########.#


You could see an orc priest and an orc (poisoned).

Vanquished Creatures
  4 dart slugs (D:1)
  An orc (D:2)
  A ball python (D:1)
  A bat (D:1)
  2 endoplasms (D:1)
  A giant cockroach (D:1)
  A hobgoblin (D:1)
  2 jackals (D:1)
  4 kobolds (D:1)
  A frilled lizard (D:1)
  2 goblins (D:1)
  6 rats (D:1)
26 creatures vanquished.

Notes
Turn   | Place    | Note
-------+----------+-------------------------------------------
     0 | D:1      | hitsuchi the Octopode Venom Mage began the quest for the
                  | Orb.
     0 | D:1      | Reached XP level 1. HP: 11/11 MP: 3/3
   146 | D:1      | Reached XP level 2. HP: 16/17 MP: 5/5
   714 | D:1      | Found Xihaf Jysk's Antique Weapon Shop.
   776 | D:1      | Reached skill level 4 in Poison Magic
   779 | D:1      | Reached XP level 3. HP: 21/21 MP: 2/6
  1408 | D:2      | Learned a level 2 spell: Poisonous Vapours
  1412 | D:2      | Learned a level 3 spell: Mephitic Cloud
  1436 | D:2      | Killed from afar by an orc priest

Illustrated notes

Levels and vault maps discovered:
D:1:      scummos_arrival_star, layout_basic, serial_shops, nicolae_square_shop,
          minmay_cupped
D:2:      cheibrodos_pilgrimage, layout_basic, basic_altar,
          shapermc_ecumenical_altar_hornbeckon

Skill      XL: |  1  2 |
---------------+-------+-----
Transmutations | 2 |  2.3
Poison Magic   | 4 |  4.1
Dodging        | |  2.0
Stealth        | |  2.6
Spellcasting   | |  2.3

Action                   || total
-------------------------++-------
Melee: Mace              ||    22
       Constrict         ||    10
       Tentacles         ||     8
       Whip              ||    11
 Cast: Sting             ||    16
       Poisonous Vapours ||     2
 Stab: Sleeping          ||     3
Armor: Skin              ||     5
Dodge: Dodged            ||    21
